 Dungeon Crawl Stone Soup version 0.30.0-29-ga12c61a403 (webtiles) character file.

Game seed: 2270322732201790311

2415 Chiseanne the Covert (level 9, -6/62 HPs)
             Began as an Octopode Brigand on June 24, 2023.
             Was an Initiate of Gozag.
             Mangled by a killer bee (8 damage)
             ... on level 8 of the Dungeon.
             The game lasted 00:39:27 (5734 turns).

Chiseanne the Covert (Octopode Brigand)             Turns: 5734, Time: 00:39:28

Health: -6/62      AC:  7    Str: 14    XL:     9   Next: 47%
Magic:  14/14      EV: 15    Int: 14    God:    Gozag
Gold:   227        SH:  0    Dex: 13    Spells: 12/15 levels left

rFire   . . .        a - +4 rapier (vamp)
rCold   + . .        (no shield)
rNeg    . . .        o - +2 hat
rPois   .            (no amulet)
rElec   +            j - ring of protection from cold
rCorr   .            i - ring of flight
SInv    .            y - ring of wizardry
Will    .....        B - ring of Limitation {rElec AC+4}
Stlth   +++++        (no ring)
HPRegen 0.30/turn    (no ring)
MPRegen 0.14/turn    (no ring)
                     (no ring)

%: wizardry (x1)
@: mighty, lethally poisoned (-6 -> -11), gold aura, flying
A: almost no armour, amphibious, 8 rings, camouflage 1, gelatinous body 1,
(nimble swimmer 1), tentacles
a: Renounce Religion, Potion Petition, Call Merchant, Bribe Branch


You were on level 8 of the Dungeon.
You worshipped Gozag.
Gozag was aware of your devotion.
You visited 2 branches of the dungeon, and saw 9 of its levels.
You also visited: Ossuary.

You collected 688 gold pieces.
You spent 384 gold pieces at shops.
You paid 77 gold pieces to Gozag.

Inventory:

Hand Weapons
 a - a +4 vampiric rapier (weapon)
 d - a +2 mace of protection
 s - a +0 whip of venom
 C - a +3 short sword
 E - a +1 antimagic spear
 F - a +6 dagger of freezing
Missiles
 b - 16 poisoned darts (quivered)
 c - 7 curare-tipped darts
 f - 59 stones
 l - 4 datura-tipped darts
 v - a silver boomerang
 w - 6 boomerangs of dispersal
Armour
 o - a +2 hat (worn)
Jewellery
 i - a ring of flight (right tentacle)
 j - a ring of protection from cold (left tentacle)
 y - a ring of wizardry (on tentacle)
 B - the ring of Limitation (on tentacle) {rElec AC+4}
   (You bought it in a shop on level 7 of the Dungeon)

   [ring of protection]

   AC:        It affects your AC (+4).
   rElec:     It insulates you from electricity.
Wands
 u - a wand of polymorph (13)
 x - a wand of light (9)
Scrolls
 r - 2 scrolls of teleportation
 D - a scroll of enchant armour
Potions
 e - 3 potions of brilliance
 g - a potion of berserk rage {unknown}
 h - 4 potions of curing
 k - a potion of might
 m - 2 potions of resistance {unknown}
 n - a potion of magic {unknown}
 p - a potion of lignification {unknown}
 q - a potion of haste {unknown}
 t - 2 potions of heal wounds {unknown}
 z - a potion of degeneration {unknown}
 A - a potion of mutation {unknown}


   Skills:
 + Level 6.1 Fighting
 - Level 2.0 Short Blades
 - Level 2.0 Throwing
 * Level 6.7 Dodging
 + Level 9.9 Stealth
 * Level 3.9 Spellcasting
 * Level 4.2 Ice Magic


You had 12 spell levels left.
You knew the following spells:

 Your Spells              Type           Power      Damage    Failure   Level
a - Hailstorm             Conj/Ice       8%         3d4       10%         3

Your spell library contained the following spells:

 Spells                   Type           Power      Damage    Failure   Level
 Ice Form                 Ice/Tmut       8%         N/A       32%         4
 Simulacrum               Ice/Necr       Unusable   N/A       N/A         6

Dungeon Overview and Level Annotations

Branches:
Dungeon (8/15)             Temple (1/1) D:5         Ossuary (visited)
   Lair: D:8-11

Altars:
Ashenzari
Cheibriados
Elyvilon
Fedhas
Gozag
Hepliaklqana
Kikubaaqudgha
Nemelex Xobeh
Okawaru
Ru
Sif Muna
Trog
Wu Jian
Yredelemnul

Shops:
D:7 *:?

Annotations:
D:3 Sigmund


Innate Abilities, Weirdness & Mutations

You cannot wear most types of armour.
You are amphibious.
You can wear up to eight rings at the same time.
Your skin changes colour to match your surroundings (Stealth+).
Your rubbery body absorbs attacks. (AC +1, EV +1)
((You are camouflaged when in or above water. (Stealth+)))
You have tentacles for arms and can constrict up to eight enemies at once.


Message History

The killer bee misses you. x2; The killer bee closely misses you.
You puncture the killer bee!
You feel better.
You kill the killer bee!
The killer bee is no longer distracted by gold.
The killer bee completely misses you. x2; The killer bee closely misses you.
The killer bee completely misses you.
You puncture the killer bee!
You feel better.
Your grab misses the killer bee.
The killer bee is severely wounded.
The killer bee stings you. x2; The killer bee misses you.
The killer bee stings you but does no damage.
The killer bee misses you. x2; The killer bee closely misses you.
The killer bee stings you but does no damage.
You puncture the killer bee!
You kill the killer bee!
The killer bee stings you! The killer bee misses you.
The killer bee stings you.
The killer bee is distracted by your dazzling golden aura.
The killer bee buzzes angrily.
You closely miss the killer bee.
The killer bee is no longer distracted by gold.
Your grab misses the killer bee. Your squeeze misses the killer bee.
The killer bee closely misses you. The killer bee stings you. x2
The killer bee barely misses you. The killer bee stings you.
* * * LOW HITPOINT WARNING * * *
You are poisoned.
The killer bee poisons you! The killer bee misses you.
You puncture the killer bee! You grab the killer bee.
The killer bee is severely wounded.
You constrict the killer bee.
You feel very sick. The killer bee barely misses you.
The killer bee misses you. The killer bee barely misses you.
The killer bee closely misses you. The killer bee barely misses you.
The killer bee stings you!
* * * LOW HITPOINT WARNING * * *
You feel mightier all of a sudden.
You constrict the killer bee.
* * * LOW HITPOINT WARNING * * *
You feel sick. The killer bee stings you!
You die...
Your body crumbles into a pile of gold.

#...........#
###....#
#...........#
###......#
##.....##.#.#
##.......##
######......#
##))...#### ..#
.. ##....### #..
##...### ...
###...## #.#..
###)...##
.y...$###y@...##
.y....([.yy..##
###........###
#......###
#.###### #


You could see 3 killer bees.

Vanquished Creatures
  Eustachio (D:5)
  5 yaks
  A water moccasin (D:7)
  An ice beast (D:7)
  A phantom (D:6)
  An elf zombie (Ossuary)
  A kobold brigand (D:7)
  A bullfrog (D:7)
  A gnoll sergeant (D:7)
  2 scorpions
  4 wights (D:8)
  3 killer bees (D:8)
  An electric eel (D:7)
  A howler monkey (D:5)
  3 orc priests
  3 human zombies (Ossuary)
  A hound (D:6)
  An orc wizard (D:8)
  A mummy (Ossuary)
  4 gnolls (D:7)
  8 adders
  3 worms
  3 dart slugs
  15 orcs
  4 bats
  8 endoplasms
  2 giant cockroaches (D:4)
  A gnoll zombie (D:4)
  10 goblins
  7 hobgoblins
  11 jackals
  2 quokkas
  8 ball pythons
  4 frilled lizards
  2 goblin zombies (Ossuary)
  6 hobgoblin zombies (Ossuary)
  2 jackal zombies (Ossuary)
  7 kobolds
  4 kobold zombies (Ossuary)
  11 orc zombies (Ossuary)
  7 rats
162 creatures vanquished.

Notes
Turn   | Place    | Note
-------+----------+-------------------------------------------
     0 | D:1      | Chiseanne the Octopode Brigand began the quest for the Orb.
     0 | D:1      | Reached XP level 1. HP: 14/14 MP: 1/1
    40 | D:1      | Reached XP level 2. HP: 5/19 MP: 2/2
   459 | D:1      | Reached XP level 3. HP: 23/25 MP: 3/3
   810 | D:2      | Reached skill level 6 in Stealth
   880 | D:2      | Found a faded altar of an unknown god.
  1255 | D:2      | Reached XP level 4. HP: 30/30 MP: 4/4
  1446 | D:3      | Noticed Sigmund
  2301 | D:4      | Reached XP level 5. HP: 36/36 MP: 5/5
  2347 | D:4      | Found an ornate altar of the Wu Jian Council.
  2348 | D:4      | Found a basalt altar of Yredelemnul.
  2432 | D:4      | Found a sacrificial altar of Ru.
  2552 | D:4      | Found a sand-covered staircase.
  2563 | Ossuary  | Entered an ossuary
  2725 | Ossuary  | Reached skill level 7 in Stealth
  2726 | Ossuary  | Reached XP level 6. HP: 8/43 MP: 6/6
  3056 | D:5      | Entered Level 5 of the Dungeon
  3059 | D:5      | Found a staircase to the Ecumenical Temple.
  3070 | Temple   | Entered the Ecumenical Temple
  3100 | Temple   | Became a worshipper of Gozag Ym Sagoz the Greedy
  3128 | D:5      | Noticed an ice beast
  3134 | D:5      | Found a bloodstained altar of Trog.
  3136 | D:5      | Found an iron altar of Okawaru.
  3192 | D:5      | Noticed a vampire
  3344 | D:5      | Noticed Eustachio
  3358 | D:5      | Reached XP level 7. HP: 49/49 MP: 7/7
  3410 | D:5      | Reached skill level 8 in Stealth
  3484 | D:5      | Killed Eustachio
  3741 | D:6      | Noticed a two-headed ogre
  3903 | D:7      | Noticed a cyclops
  3910 | D:6      | Found a blossoming altar of Fedhas.
  3928 | D:6      | Reached skill level 5 in Fighting
  3938 | D:6      | Identified the +8 mace of Immorality {drain, *Rage Str+8
                  | Int+2 Dex+3}
  4247 | D:7      | Learned a level 3 spell: Hailstorm
  4327 | D:7      | Reached skill level 5 in Dodging
  4327 | D:7      | Reached XP level 8. HP: 33/55 MP: 7/9
  4509 | D:7      | Found Vyrhorapp's Magic Scroll Boutique.
  4509 | D:7      | Found Etoiguw's Assorted Antiques.
  4597 | D:7      | Found Kawn's Book Emporium.
  4610 | D:7      | Reached skill level 9 in Stealth
  4610 | D:7      | Reached skill level 1 in Spellcasting
  4610 | D:7      | Reached skill level 1 in Ice Magic
  4755 | D:7      | Bought a coiled brass ring for 120 gold pieces
  4755 | D:7      | Identified the ring of Limitation {rElec AC+4} (You bought
                  | it in a shop on level 7 of the Dungeon)
  4755 | D:7      | Bought a scroll of identify for 48 gold pieces
  4757 | D:7      | Bought a scroll of enchant weapon for 180 gold pieces
  5043 | D:7      | Bought a scroll of teleportation for 36 gold pieces
  5335 | D:8      | Noticed a yak
  5335 | D:8      | Noticed a yak
  5335 | D:8      | Noticed a yak
  5335 | D:8      | Noticed a yak
  5335 | D:8      | Noticed a yak
  5373 | D:7      | Killed a yak
  5460 | D:7      | Killed a yak
  5528 | D:7      | Killed a yak
  5529 | D:7      | Reached XP level 9. HP: 55/62 MP: 13/13
  5633 | D:8      | Found a shimmering blue altar of Sif Muna.
  5734 | D:8      | HP: 2/62 [poisoned by a killer bee]
  5734 | D:8      | Mangled by a killer bee

Illustrated notes

Levels and vault maps discovered:
D:1:      saegor_arrival_miasma, layout_loops_ring
D:2:      layout_loops_ring, shapermc_ecumenical_altar_ellora
D:3:      layout_rooms, marbit_many_paths, mainiacjoe_overflow_alcove_2,
          uniq_robin, uniq_sigmund
D:4:      layout_basic, nicolae_ru_sacrificial_ziggurat,
          nicolae_overflow_squiral, enter_ossuary_3, serial_shops,
          kennysheep_mini
D:5:      layout_rooms, mainiacjoe_overflow_alcove_1, lemuel_tele_altar,
          temple_green, uniq_eustachio
D:6:      kennysheep_big_flooded_room, layout_basic, fedhas_ov_isle_minmay
D:7:      layout_cave_pods, nicolae_wooded_promenade
D:8:      layout_rooms, old_standard_altar, demons_altar, serial_curves,
          eino_curves_01, eino_curves_03, eino_curves_04, eino_curves_04,
          kennysheep_generic_room_5
Temple:   nicolae_temple_bog_church

Skill      XL: |  1  2  3  4  5  6  7  8  9 |
---------------+----------------------------+-----
Stealth        | 6 7 8 9 |  9.9
Dodging        | 2 3 4 5 6 |  6.7
Fighting       | 3 4 5 6 |  6.1
Spellcasting   | 3 |  3.9
Ice Magic      | 3 4 |  4.2
Short Blades   | |  2.0
Throwing       | |  2.0

Action                     |  1- 3 |  4- 6 |  7- 9 || total
---------------------------+-------+-------+-------++-------
  Melee: Dagger            |    82 |   174 |    12 ||   268
         Constrict         |    18 |    51 |    27 ||    96
         Tentacles         |    11 |    45 |    47 ||   103
         Punch             |     1 |     4 |     1 ||     6
         Rapier            |       |       |   130 ||   130
  Throw: Dart              |    12 |     7 |     9 ||    28
  Evoke: Wand              |       |       |     6 ||     6
    Use: Scroll            |     1 |     9 |     8 ||    18
         Potion            |       |     2 |     3 ||     5
   Stab: Sleeping          |    13 |    23 |     1 ||    37
         Distracted        |     1 |     1 |     3 ||     5
 Armour: Skin              |     4 |    25 |    22 ||    51
  Dodge: Dodged            |    44 |   107 |   108 ||   259
